 Dungeon Crawl Stone Soup version 0.29-a0-1009-g60c99734e7 (webtiles) character file.

Game seed: 650980864181660081

527 leavemydog the Conjurer (level 7, 0/36 HPs)
             Began as a Deep Elf Conjurer on Aug 8, 2022.
             Was a Follower of Vehumet.
             Slain by Eustachio
             ... wielding a +0 rapier
              (10 damage)
             ... on level 4 of the Dungeon.
             The game lasted 00:08:24 (3558 turns).

leavemydog the Conjurer (Deep Elf Conjurer)         Turns: 3558, Time: 00:08:25

Health: 0/36       AC:  2    Str:  6    XL:     7   Next: 3%
Magic:  10/17      EV: 13    Int: 29    God:    Vehumet [*.....]
Gold:   164        SH:  0    Dex: 19    Spells: 6/17 levels left

rFire   . . .      SeeInvis .   h - staff of conjuration
rCold   . . .      Faith    .   (no shield)
rNeg    . . .      Spirit   .   a - +0 robe
rPois   .          Reflect  .   (no helmet)
rElec   .          Harm     .   (no cloak)
rCorr   .          Rampage  .   (no gloves)
Will    .....                   (no boots)
Stlth   ++........              (no amulet)
HPRegen 0.12/turn               i - +6 ring of intelligence
MPRegen 0.15/turn               m - +6 ring of dexterity

@: no status effects
A: no striking features
a: Renounce Religion


You were on level 4 of the Dungeon.
You worshipped Vehumet.
Vehumet was aware of your devotion.
You visited 1 branch of the dungeon, and saw 4 of its levels.

You collected 164 gold pieces.

Inventory:

Missiles
 l - 7 poisoned darts
 u - a throwing net
Armour
 a - a +0 robe (worn)
Magical Staves
 h - a staff of conjuration (weapon)
Jewellery
 i - a +6 ring of intelligence (left hand)
 m - a +6 ring of dexterity (right hand)
Wands
 v - a wand of polymorph (9)
Scrolls
 e - a scroll of magic mapping {unknown}
 g - a scroll of butterflies {unknown}
 j - a scroll of brand weapon {unknown}
 k - 2 scrolls of teleportation {unknown}
 o - a scroll of blinking {unknown}
 p - a scroll of vulnerability {unknown}
Potions
 b - a potion of magic
 c - a potion of curing
 d - a potion of mutation {unknown}
 f - a potion of lignification
 n - a potion of resistance
 q - a potion of haste {unknown}
 r - a potion of ambrosia {unknown}
 s - a potion of berserk rage {unknown}
 t - a potion of attraction {unknown}


   Skills:
 - Level 2.4 Dodging
 - Level 2.4 Stealth
 + Level 5.9 Spellcasting
 + Level 7.5 Conjurations
 * Level 3.1 Hexes
 * Level 1.1 Translocations


You had 6 spell levels left.
You knew the following spells:

 Your Spells              Type           Power      Damage    Failure   Level
a - Magic Dart            Conj           100%       1d8       1%          1
b - Searing Ray           Conj           100%       2d8       1%          2
c - Iskenderun's Mystic   Conj/Tloc      50%        2d11      10%         4
d - Fulminant Prism       Conj/Hex       28%        3d14      6%          4

Your spell library contained the following spells:

 Spells                   Type           Power      Damage    Failure   Level
 Shock                    Conj/Air       100%       1d9       1%          1
 Dazzling Flash           Conj/Hex       100%       N/A       1%          3
 Iskenderun's Battlesphe  Conj           68%        2d12      7%          5
 Gell's Gravitas          Tloc           15%        N/A       11%         3
 Lesser Beckoning         Tloc           15%        N/A       11%         3
 Teleport Other           Tloc           15%        N/A       11%         3
 Fireball                 Conj/Fire      22%        3d10      32%         5
 Conjure Ball Lightning   Conj/Air       22%        3x3d6     88%         6
 Orb of Destruction       Conj           34%        9d10      91%         7


Dungeon Overview and Level Annotations

Branches:
Dungeon (4/15)
 Temple: D:4-7

Altars:
Vehumet

Shops:
D:2 [   D:4 [

Annotations:
D:4 Eustachio


Message History

You climb downwards.
Level annotation: Eustachio Eustachio hits you with a +0 rapier.
Eustachio barely misses you.
There is a stone staircase leading up here.
Casting: Magic Dart (safe; 1% risk of failure)
Confirm with . or Enter, or press ? or * to list all spells.
Aiming: Searing Ray (safe; 1% risk of failure)
Press: ? - help, Shift-Dir - straight line, f - Eustachio
Aim: Eustachio, wielding a +0 rapier and wearing a +2 leather armour of cold resistance (76% to hit)
You feel a surge of power!
The searing ray misses Eustachio. (Press . to maintain the ray.) Eustachio hits you with a +0 rapier.
The searing ray hits Eustachio!
Eustachio is lightly wounded.
Eustachio casts a spell.
The searing ray misses Eustachio.
The ufetubus hits you. x2
Eustachio hits you with a +0 rapier.
The searing ray hits Eustachio!
Eustachio is heavily wounded.
You finish channelling your searing ray.
The ufetubus closely misses you. The ufetubus hits you.
The shadow imp hits you. The ufetubus barely misses you.
The ufetubus completely misses you. Eustachio closely misses you.
Casting: Searing Ray (safe; 1% risk of failure)
Confirm with . or Enter, or press ? or * to list all spells.
Aiming: Searing Ray (safe; 1% risk of failure)
Press: ? - help, Shift-Dir - straight line, f/p - Eustachio
Aim: Eustachio, wielding a +0 rapier and wearing a +2 leather armour of cold resistance (heavily wounded, 76% to hit)
You feel a surge of power!
The searing ray misses Eustachio. (Press . to maintain the ray.)
The ufetubus hits you.
* * * LOW HITPOINT WARNING * * *
The ufetubus hits you.
* * * LOW HITPOINT WARNING * * *
Eustachio barely misses you.
You feel better. The ufetubus closely misses you. The ufetubus hits you.
* * * LOW HITPOINT WARNING * * *
The ufetubus hits you but does no damage.
The ufetubus barely misses you. Eustachio hits you with a +0 rapier!
You die...

.###.#.
........'# .##
.#.<# .......##
. .####)##÷# .∩
.........####.#.
#.....5.........
#.....@5........
#.....5@)†.....#
#........†.....#
#..............#
#.######.......#
# #.......#
#.......#
#########


You could see Eustachio, an iron imp (summoned), a shadow imp (summoned) and an
ufetubus (summoned).

Vanquished Creatures
  Sigmund (D:2)
  An ogre (D:4)
  An orc priest (D:3)
  Ijyb (D:4)
  An iguana (D:3)
  Natasha (D:3)
  4 gnolls (D:3)
  7 adders
  A worm (D:3)
  3 dart slugs
  4 orcs (D:3)
  6 ball pythons
  5 endoplasms
  4 giant cockroaches
  5 goblins
  10 hobgoblins
  3 jackals (D:3)
  3 quokkas
  4 frilled lizards
  3 kobolds
  3 rats
71 creatures vanquished.

Notes
Turn   | Place    | Note
-------+----------+-------------------------------------------
     0 | D:1      | leavemydog the Deep Elf Conjurer began the quest for the
                  | Orb.
     0 | D:1      | Reached XP level 1. HP: 10/10 MP: 6/6
   231 | D:1      | Reached XP level 2. HP: 15/15 MP: 6/8
   234 | D:1      | Learned a level 2 spell: Searing Ray
   376 | D:1      | Reached skill level 5 in Conjurations
   586 | D:1      | Found a faded altar of an unknown god.
   838 | D:2      | Noticed Sigmund
   850 | D:2      | Killed Sigmund
   851 | D:2      | Reached skill level 6 in Conjurations
   851 | D:2      | Reached XP level 3. HP: 10/19 MP: 0/10
   851 | D:2      | Reached XP level 4. HP: 13/24 MP: 0/12
   851 | D:2      | Reached XP level 5. HP: 15/28 MP: 0/13
  1073 | D:2      | Learned a level 4 spell: Iskenderun's Mystic Blast
  1078 | D:2      | Learned a level 4 spell: Fulminant Prism
  1269 | D:2      | Found a radiant altar of Vehumet.
  1279 | D:2      | Became a worshipper of Vehumet
  1319 | D:2      | Reached skill level 7 in Conjurations
  1677 | D:2      | Found Loer Kuo's Armour Emporium.
  1931 | D:2      | Identified 2 scrolls of acquirement
  1935 | D:2      | Acquired a staff of conjuration
  1938 | D:2      | Acquired a book of the Spheres
  2232 | D:3      | Reached skill level 1 in Hexes
  2287 | D:3      | Reached XP level 6. HP: 32/32 MP: 7/15
  2658 | D:3      | Reached skill level 5 in Spellcasting
  2658 | D:3      | Reached skill level 1 in Translocations
  2764 | D:3      | Reached * piety under Vehumet
  2764 | D:3      | Offered knowledge of Shock by Vehumet.
  3064 | D:4      | Noticed Eustachio
  3155 | D:4      | Noticed Ijyb
  3158 | D:4      | Noticed Natasha
  3163 | D:4      | Killed Ijyb
  3171 | D:3      | Killed Natasha
  3467 | D:4      | Found Yga Xeav's Antique Armour Emporium.
  3472 | D:4      | Reached XP level 7. HP: 36/36 MP: 9/17
  3558 | D:4      | Slain by Eustachio

Illustrated notes

Levels and vault maps discovered:
D:1:      dpeg_arrival_tiny_a, layout_basic,
          shapermc_ecumenical_altar_mp_highgroup, dreamdust_mushroom_princess
D:2:      layout_basic, basic_altar, serial_shops, shop, serial_park_tiny_2,
          uniq_sigmund
D:3:      layout_loops_cross
D:4:      gammafunk_wand_slinger, layout_basic, doesnt_xom_only_xom,
          minmay_temple_entry_mini_moons, serial_shops, nicolae_shop_crystal,
          minmay_surrounded, uniq_natasha, uniq_ijyb, uniq_eustachio, uniq_pikel

Skill      XL: |  1  2  3  4  5  6 |
---------------+-------------------+-----
Conjurations   | 6 7 |  7.5
Spellcasting   | 4 5 |  5.9
Hexes          | 1 3 |  3.1
Translocations | 1 |  1.1
Dodging        | |  2.4
Stealth        | |  2.4

Action                   |  1- 3 |  4- 6 |  7- 9 || total
-------------------------+-------+-------+-------++-------
 Cast: Magic Dart        |    37 |    70 |     5 ||   112
       Searing Ray       |     1 |    11 |     2 ||    14
  Use: Scroll            |       |     7 |       ||     7
       Potion            |       |     1 |     1 ||     2
Armor: Robe              |     1 |     2 |     1 ||     4
Dodge: Dodged            |     1 |    14 |     8 ||    23

Table legend: (Time is in decaauts)
 A = Elapsed time spent in this place.
 B = Non-inter-level travel time spent in this place.
 C = Inter-level travel time spent in this place.
 D = Time resting spent in this place.
 E = Time spent auto-exploring this place.
 F = Levels seen in this place.
 G = Mean time per level.
                   A        B        C        D        E       F      G
               +--------+--------+--------+--------+--------+-----+--------+
         Total |   3558 |   3322 |    236 |    716 |   2242 |   4 |  889.5 |
       Dungeon |   3558 |   3322 |    236 |    716 |   2242 |   4 |  889.5 |
               +--------+--------+--------+--------+--------+-----+--------+

Top non-repeatable levels by time:
     D:3: 1536 daAuts
     D:1: 1038 daAuts
     D:2: 910 daAuts
     D:4: 72 daAuts
